[Event "7th Iberoamerican-ch 2019"]
[Site "Linares"]
[Date "2019.08.11"]
[Round "2.12"]
[White "Sosa, Tomas"]
[Black "Matnadze, Ana"]
[Result "1-0"]
[ECO "B15"]
[WhiteElo "2516"]
[BlackElo "2363"]
[Annotator "ChessBase"]
[PlyCount "95"]
[EventDate "2019.08.10"]
[EventType "swiss"]
[EventCountry "ESP"]
[SourceTitle "playchess.com"]
[Source "ChessBase"]
[SourceQuality "1"]
[TimeControl "5400+30"]

1. e4 c6 2. d4 d5 3. Nc3 dxe4 4. Nxe4 Nf6 5. Nxf6+ exf6 6. Be3 Bd6 7. Bd3 Qc7 8. Qf3 Be6 9. Ne2 Nd7 10. Nf4 O-O-O 11. Nxe6 fxe6 12. O-O-O Kb8 13. Qg4 Nf8 14. Kb1 h5 15. Qe4 g5 16. Bc4 h4 17. Qg4 Re8 18. g3 Qh7 19. d5 exd5 20. Qd4 b5 21. Qxf6 Qh6 22. Qxh6 Rxh6 23. Bd3 hxg3 24. hxg3 Rxh1 25. Rxh1 Bxg3 26. Re1 Rxe3 27. Rxe3 Bd6 28. Bf5 Kc7 29. Re8 b4 30. c3 bxc3 31. bxc3 Nd7 32. Rg8 Be7 33. Rg7 Kd6 34. Rg6+ Kc7 35. Bxd7 Kxd7 36. Kc2 Bd8 37. Kd3 a5 38. f3 Kc7 39. Kd4 Kb6 40. Ke5 Kb5 41. Kd6 Bb6 42. Rxg5 Be3 43. Rg4 a4 44. Rb4+ Ka5 45. Kxc6 d4 46. Rb5+ Ka6 47. cxd4 Bxd4 48. Rb4 1-0

[Event "7th Iberoamerican-ch 2019"]
[Site "Linares"]
[Date "2019.08.11"]
[Round "2.13"]
[White "Sos Andreu, Eric"]
[Black "Salinas Herrera, Pablo"]
[Result "1/2-1/2"]
[ECO "D30"]
[WhiteElo "2343"]
[BlackElo "2498"]
[Annotator "ChessBase"]
[PlyCount "85"]
[EventDate "2019.08.10"]
[EventType "swiss"]
[EventCountry "ESP"]
[SourceTitle "playchess.com"]
[Source "ChessBase"]
[SourceQuality "1"]
[TimeControl "5400+30"]

1. d4 d5 2. c4 e6 3. Nf3 a6 4. cxd5 exd5 5. Nc3 Nf6 6. Bg5 Be6 7. e3 Nbd7 8. Bd3 Bd6 9. O-O h6 10. Bf4 Qe7 11. Bxd6 Qxd6 12. Rc1 O-O 13. Na4 Bg4 14. h3 Bxf3 15. Qxf3 Rfe8 16. Qd1 c6 17. a3 Re7 18. b4 b5 19. Nc5 Nxc5 20. bxc5 Qd8 21. a4 Rb7 22. Qb3 b4 23. a5 Qxa5 24. Ra1 Qd8 25. Rxa6 Rxa6 26. Bxa6 Ra7 27. Be2 Qa5 28. Rb1 Rb7 29. Bd3 h5 30. g3 h4 31. g4 g6 32. Kg2 Kg7 33. Rb2 Ne4 34. Bxe4 dxe4 35. Qc2 f5 36. gxf5 gxf5 37. Qc4 Kh8 38. Qe6 Rg7+ 39. Kh2 Qa1 40. Qe8+ Kh7 41. Qh5+ Kg8 42. Qe8+ Kh7 43. Qh5+ 1/2-1/2

[Event "7th Iberoamerican-ch 2019"]
[Site "Linares"]
[Date "2019.08.11"]
[Round "2.14"]
[White "Perez Garcia, Alejandro"]
[Black "Espinosa Aranda, Angel"]
[Result "0-1"]
[ECO "A06"]
[WhiteElo "2347"]
[BlackElo "2488"]
[Annotator "ChessBase"]
[PlyCount "68"]
[EventDate "2019.08.10"]
[EventType "swiss"]
[EventCountry "ESP"]
[SourceTitle "playchess.com"]
[Source "ChessBase"]
[SourceQuality "1"]
[TimeControl "5400+30"]

1. Nf3 d5 2. g3 Nc6 3. d4 Bf5 4. Bg2 Nb4 5. Na3 e6 6. O-O h6 7. Ne5 Bd6 8. c4 Ne7 9. Qa4+ c6 10. Nxf7 Kxf7 11. c5 Bxc5 12. dxc5 Na6 13. b4 Rf8 14. Bb2 Kg8 15. Nc2 Nc7 16. Ne3 Bg6 17. Ng4 Bh5 18. h3 Qe8 19. Qb3 Bxg4 20. hxg4 Qg6 21. Bf3 Ne8 22. Qe3 Qf7 23. Kg2 Nf6 24. Rh1 Nh7 25. Rh5 Ng6 26. Rah1 e5 27. Bxe5 Rae8 28. Rf5 Qd7 29. Qd4 Rxf5 30. gxf5 Nxe5 31. Bh5 Re7 32. Bg6 Nxg6 33. fxg6 Nf6 34. Qf4 Qe8 0-1

[Event "7th Iberoamerican-ch 2019"]
[Site "Linares"]
[Date "2019.08.11"]
[Round "2.15"]
[White "Garriga Cazorla, Pere"]
[Black "Lianes Garcia, Marcos"]
[Result "1/2-1/2"]
[ECO "D21"]
[WhiteElo "2495"]
[BlackElo "2346"]
[Annotator "ChessBase"]
[PlyCount "117"]
[EventDate "2019.08.10"]
[EventType "swiss"]
[EventCountry "ESP"]
[SourceTitle "playchess.com"]
[Source "ChessBase"]
[SourceQuality "1"]
[TimeControl "5400+30"]

1. d4 d5 2. c4 dxc4 3. Nf3 c5 4. e3 cxd4 5. Bxc4 Nc6 6. Qb3 e6 7. O-O Qc7 8. Nxd4 Bd7 9. Nb5 Qb6 10. Be2 Na5 11. Qd3 a6 12. N5c3 Rd8 13. e4 Bb5 14. Qg3 Bxe2 15. Nxe2 Nf6 16. Nbc3 Nc6 17. Be3 Qa5 18. Rad1 Rxd1 19. Rxd1 Nh5 20. Qg4 Nf6 21. Qg3 Nh5 22. Qh3 Nf6 23. a3 Be7 24. b4 Qh5 25. Qxh5 Nxh5 26. f4 Nf6 27. e5 Nd7 28. Ne4 f6 29. exf6 Nxf6 30. Ng5 Nd5 31. Bc1 Bxg5 32. fxg5 O-O 33. Ng3 Rd8 34. Ne4 Nb6 35. Re1 Na4 36. h4 e5 37. h5 Rd3 38. h6 gxh6 39. gxh6 Kf7 40. Rf1+ Ke7 41. Bg5+ Ke6 42. Nf6 Nc3 43. Nxh7 Ne2+ 44. Kh2 Nf4 45. Bxf4 exf4 46. Nf8+ Kf7 47. Rxf4+ Kg8 48. Rg4+ Kh8 49. Rg7 Ne5 50. Ng6+ Nxg6 51. Rxg6 Rxa3 52. g4 Ra4 53. Kh3 Rxb4 54. Re6 Rc4 55. g5 Rc8 56. g6 a5 57. Rb6 a4 58. Rxb7 Ra8 59. Rh7+ 1/2-1/2

[Event "7th Iberoamerican-ch 2019"]
[Site "Linares"]
[Date "2019.08.11"]
[Round "2.16"]
[White "Domingo Nunez, Ruben"]
[Black "Escobar Forero, Alder"]
[Result "0-1"]
[ECO "B48"]
[WhiteElo "2318"]
[BlackElo "2477"]
[Annotator "ChessBase"]
[PlyCount "90"]
[EventDate "2019.08.10"]
[EventType "swiss"]
[EventCountry "ESP"]
[SourceTitle "playchess.com"]
[Source "ChessBase"]
[SourceQuality "1"]
[TimeControl "5400+30"]

1. e4 c5 2. Nf3 Nc6 3. d4 cxd4 4. Nxd4 e6 5. Nc3 Qc7 6. Be3 Nf6 7. a3 Be7 8. f4 d6 9. Qf3 a6 10. O-O-O Bd7 11. Rg1 h5 12. Nxc6 Bxc6 13. f5 Ng4 14. fxe6 fxe6 15. Bf4 g5 16. h3 Rf8 17. hxg4 Rxf4 18. Qh3 h4 19. g3 Rf3 20. Rd3 Rxd3 21. Bxd3 Qb6 22. Rh1 Qe3+ 23. Kb1 Kd7 24. gxh4 Qxh3 25. Rxh3 gxh4 26. Ne2 Rg8 27. Nd4 Rxg4 28. Nxc6 bxc6 29. e5 d5 30. Bxa6 Re4 31. b4 Rxe5 32. Rc3 Re1+ 33. Ka2 Bf6 34. Rf3 Be5 35. Rf7+ Kd6 36. c4 dxc4 37. Bxc4 Ra1+ 38. Kb3 h3 39. Bd3 h2 40. Be4 h1=Q 41. Bxh1 Rxh1 42. a4 Rh3+ 43. Ka2 Bd4 44. a5 e5 45. a6 Rh1 0-1

[Event "7th Iberoamerican-ch 2019"]
[Site "Linares"]
[Date "2019.08.11"]
[Round "2.17"]
[White "Blanco Acevedo, Cristobal Jose"]
[Black "Del Rio De Angelis, Salvador G."]
[Result "1/2-1/2"]
[ECO "B41"]
[WhiteElo "2342"]
[BlackElo "2464"]
[Annotator "ChessBase"]
[PlyCount "105"]
[EventDate "2019.08.10"]
[EventType "swiss"]
[EventCountry "ESP"]
[SourceTitle "playchess.com"]
[Source "ChessBase"]
[SourceQuality "1"]
[TimeControl "5400+30"]

1. e4 c5 2. Nf3 e6 3. d4 cxd4 4. Nxd4 a6 5. g4 d5 6. Bg2 e5 7. Nf3 Bxg4 8. Qxd5 Nc6 9. c3 Qc7 10. Nbd2 Nf6 11. Qc4 Be7 12. O-O Nh5 13. Nb3 O-O 14. h3 Bd7 15. Rd1 Rac8 16. Qe2 Rfd8 17. Kh2 Be8 18. Rxd8 Nxd8 19. Ne1 Nf6 20. Be3 Ne6 21. Rd1 Bb5 22. Qd2 Nh5 23. Nc2 Nhf4 24. Nb4 Bxb4 25. cxb4 Rd8 26. Qc1 Rxd1 27. Qxd1 Nxg2 28. Kxg2 Qc4 29. Qd5 Nf4+ 30. Bxf4 Qf1+ 31. Kf3 Be2+ 32. Ke3 exf4+ 33. Kd2 h5 34. Qd4 Bf3 35. e5 Qxh3 36. Qxf4 Qg4 37. Ke3 Qxf4+ 38. Kxf4 Bd5 39. Nc5 f6 40. exf6 gxf6 41. a4 Kf7 42. a5 Kg6 43. Nd3 Bc6 44. Nc5 f5 45. Nb3 h4 46. Nd4 Bd7 47. Nf3 Kh5 48. Ng1 Kg6 49. Nf3 Kh5 50. Ng1 Kg6 51. Nf3 Kh5 52. Nh2 h3 53. Nf3 1/2-1/2

[Event "7th Iberoamerican-ch 2019"]
[Site "Linares"]
[Date "2019.08.11"]
[Round "2.18"]
[White "Aizpurua, Patrick"]
[Black "Larino Nieto, David"]
[Result "1-0"]
[ECO "A10"]
[WhiteElo "2243"]
[BlackElo "2471"]
[Annotator "ChessBase"]
[PlyCount "95"]
[EventDate "2019.08.10"]
[EventType "swiss"]
[EventCountry "ESP"]
[SourceTitle "playchess.com"]
[Source "ChessBase"]
[SourceQuality "1"]
[TimeControl "5400+30"]

1. c4 b6 2. Nf3 Bb7 3. g3 h5 4. h4 Nc6 5. d4 e6 6. a3 Na5 7. Nbd2 c5 8. dxc5 bxc5 9. Bg2 Nf6 10. O-O Qb6 11. Ng5 Bxg2 12. Kxg2 Rb8 13. e4 Ng4 14. Re1 Ne5 15. b3 Be7 16. Ngf3 Nxf3 17. Qxf3 d6 18. b4 cxb4 19. axb4 Nc6 20. b5 Ne5 21. Qe3 Bd8 22. Ba3 Rc8 23. Qxb6 Bxb6 24. Bxd6 Nd3 25. Re2 Rd8 26. e5 f6 27. Ne4 f5 28. Ng5 Rh6 29. Ra3 Nc5 30. Bxc5 Bxc5 31. Ra6 Rc8 32. Nxe6 Bf8 33. c5 Ke7 34. Nxf8 Rxa6 35. bxa6 Kxf8 36. Rb2 Rxc5 37. Rb8+ Kf7 38. Rb7+ Ke6 39. f4 Kd5 40. Rxa7 Ke4 41. Rb7 Rc2+ 42. Kh3 Ra2 43. a7 Kf3 44. e6 Ra1 45. Rb3+ Kf2 46. Rb2+ Kf3 47. e7 g5 48. fxg5 1-0

[Event "7th Iberoamerican-ch 2019"]
[Site "Linares"]
[Date "2019.08.11"]
[Round "2.20"]
[White "Huerga Leache, Mikel"]
[Black "Fernandez Ayuso, Sergio"]
[Result "1-0"]
[ECO "A05"]
[WhiteElo "2440"]
[BlackElo "2173"]
[Annotator "NA"]
[PlyCount "93"]
[EventDate "2019.08.10"]
[EventType "swiss"]
[EventCountry "ESP"]
[SourceTitle "playchess.com"]
[Source "ChessBase"]
[SourceQuality "1"]
[TimeControl "5400+30"]

1. Nf3 Nf6 2. c4 g6 3. Nc3 d5 4. cxd5 Nxd5 5. Qa4+ c6 6. Qd4 Nf6 7. Qxd8+ Kxd8 8. e4 Nbd7 9. d4 Ke8 10. Bc4 b5 11. Bd3 a6 12. e5 Nd5 13. Nxd5 cxd5 14. a4 bxa4 15. Rxa4 e6 16. Ke2 Be7 17. Bd2 Nb8 18. Rc1 Bd7 19. Ra2 h6 20. b4 Kf8 21. b5 Kg7 22. bxa6 Nc6 23. Rac2 Nb4 24. Bxb4 Bxb4 25. Rb1 Ba5 26. Rc5 Bd8 27. Nd2 Bc8 28. Rc6 Bd7 29. Rd6 Bc8 30. Nb3 Bc7 31. Rc6 Bb8 32. Nc5 Ba7 33. Ke3 Rd8 34. Nb7 Rf8 35. Nd6 h5 36. Rc7 g5 37. f3 h4 38. h3 Kg8 39. Rb4 Bxa6 40. Bxa6 Bxd4+ 41. Rxd4 Rxa6 42. Rg4 Ra3+ 43. Kf2 Rb8 44. Rxg5+ Kh7 45. Rxf7+ Kh6 46. Rf6+ Kh7 47. Rh5+ 1-0

[Event "7th Iberoamerican-ch 2019"]
[Site "Linares"]
[Date "2019.08.11"]
[Round "2.21"]
[White "Salgado Lopez, Ivan"]
[Black "Vega Gutierrez, Belinda"]
[Result "1-0"]
[ECO "A45"]
[WhiteElo "2596"]
[BlackElo "2133"]
[Annotator "ChessBase"]
[PlyCount "79"]
[EventDate "2019.08.10"]
[EventType "swiss"]
[EventCountry "ESP"]
[SourceTitle "playchess.com"]
[Source "ChessBase"]
[SourceQuality "1"]
[TimeControl "5400+30"]

1. d4 Nf6 2. Bg5 Ne4 3. Bf4 c5 4. f3 Qa5+ 5. c3 Nf6 6. d5 d6 7. e4 g6 8. Na3 Bg7 9. Bd3 O-O 10. Ne2 Qd8 11. Qd2 a6 12. c4 e5 13. Bg5 Qc7 14. g4 Ne8 15. Ng3 f6 16. Be3 Nd7 17. h4 Rf7 18. h5 Nf8 19. hxg6 hxg6 20. Qh2 Rb8 21. O-O-O Bd7 22. Rdg1 b5 23. Nf5 b4 24. Nb1 Bxf5 25. exf5 g5 26. Nd2 e4 27. Nxe4 Re7 28. f4 Rxe4 29. Bxe4 Qe7 30. Qg2 Nd7 31. Re1 gxf4 32. Bxf4 Ne5 33. Bxe5 dxe5 34. d6 Nxd6 35. Bd5+ Kf8 36. Qh2 Ke8 37. Qh5+ Kd8 38. Qg6 Kc7 39. Rh7 Ne8 40. Bf7 1-0

[Event "7th Iberoamerican-ch 2019"]
[Site "Linares"]
[Date "2019.08.11"]
[Round "2.23"]
[White "Vazquez Igarza, Renier"]
[Black "Esquivias Quintero, Luis Manuel"]
[Result "1-0"]
[ECO "B36"]
[WhiteElo "2558"]
[BlackElo "2275"]
[Annotator "ChessBase"]
[PlyCount "73"]
[EventDate "2019.08.10"]
[EventType "swiss"]
[EventCountry "ESP"]
[SourceTitle "playchess.com"]
[Source "ChessBase"]
[SourceQuality "1"]
[TimeControl "5400+30"]

1. Nf3 c5 2. c4 Nf6 3. Nc3 g6 4. e4 Nc6 5. d4 cxd4 6. Nxd4 Nxd4 7. Qxd4 d6 8. Be2 Bg7 9. Be3 O-O 10. Qd2 Be6 11. O-O Qa5 12. Rab1 Rfc8 13. b3 b5 14. b4 Qc7 15. e5 dxe5 16. Nxb5 Qb7 17. Rfc1 Ne4 18. Qe1 Nd6 19. Nxd6 exd6 20. b5 f5 21. a4 Qf7 22. Qb4 f4 23. Bd2 Rc5 24. Bf3 Rac8 25. Bc6 e4 26. Re1 f3 27. Rxe4 fxg2 28. Rxe6 R5xc6 29. bxc6 Qxe6 30. Qb5 Kh8 31. Re1 Qg4 32. Qd5 Rf8 33. Qxd6 h6 34. c7 Kh7 35. Bf4 h5 36. Re7 Qf5 37. Qe5 1-0

[Event "7th Iberoamerican-ch 2019"]
[Site "Linares"]
[Date "2019.08.11"]
[Round "2.25"]
[White "Moreno Ruiz, Javier"]
[Black "Castillo Gallego, Sergio"]
[Result "1-0"]
[ECO "D31"]
[WhiteElo "2473"]
[BlackElo "2203"]
[Annotator "ChessBase"]
[PlyCount "69"]
[EventDate "2019.08.10"]
[EventType "swiss"]
[EventCountry "ESP"]
[SourceTitle "playchess.com"]
[Source "ChessBase"]
[SourceQuality "1"]
[TimeControl "5400+30"]

1. d4 d5 2. c4 e6 3. Nc3 c6 4. e3 Nd7 5. Bd3 dxc4 6. Bxc4 b5 7. Be2 a6 8. Nf3 c5 9. d5 Nb6 10. e4 exd5 11. exd5 Nf6 12. a4 b4 13. a5 Nbxd5 14. Nxd5 Qxd5 15. Qxd5 Nxd5 16. Bc4 Be6 17. Ng5 Nc7 18. Nxe6 Nxe6 19. Be3 Be7 20. O-O-O O-O 21. Rd7 Bf6 22. Kb1 Nd4 23. Rc1 h6 24. Rc7 Rac8 25. Bxf7+ Kh7 26. R1xc5 Rxc7 27. Rxc7 Be5 28. Rd7 Nc6 29. Bd5 Rf6 30. Bb6 h5 31. g3 Kh6 32. f4 Bd4 33. Bxc6 Bxb6 34. axb6 Rxc6 35. b7 1-0

[Event "7th Iberoamerican-ch 2019"]
[Site "Linares"]
[Date "2019.08.11"]
[Round "2.26"]
[White "Teran Alvarez, Ismael"]
[Black "Riquelme Valero, Manuel Damian"]
[Result "1-0"]
[ECO "B81"]
[WhiteElo "2392"]
[BlackElo "2157"]
[Annotator "NA"]
[PlyCount "77"]
[EventDate "2019.08.10"]
[EventType "swiss"]
[EventCountry "ESP"]
[SourceTitle "playchess.com"]
[Source "ChessBase"]
[SourceQuality "1"]
[TimeControl "5400+30"]

1. e4 c5 2. Nf3 d6 3. d4 Nf6 4. Nc3 cxd4 5. Nxd4 e6 6. g4 e5 7. Bb5+ Nbd7 8. Nf5 a6 9. Bxd7+ Bxd7 10. Bg5 Bxf5 11. gxf5 Be7 12. Bxf6 Bxf6 13. Nd5 O-O 14. Rg1 Rc8 15. Qd3 Bg5 16. Rg4 f6 17. Kf1 Kh8 18. Kg1 Qa5 19. c3 Qc5 20. Rd1 Qc4 21. h4 Qxd3 22. Rxd3 Bh6 23. Kf1 Rf7 24. Ke2 Bc1 25. b3 Ba3 26. Rg1 Bc5 27. h5 a5 28. h6 b5 29. Rh3 Rg8 30. Rhg3 g6 31. fxg6 hxg6 32. Rxg6 Rxg6 33. Rxg6 Kh7 34. Rxf6 Rxf6 35. Nxf6+ Kxh6 36. Nd5 Kg5 37. b4 axb4 38. cxb4 Bd4 39. Nc7 1-0

[Event "7th Iberoamerican-ch 2019"]
[Site "Linares"]
[Date "2019.08.11"]
[Round "2.27"]
[White "Garcia Martin, Marta"]
[Black "Gavarrete, Nahun"]
[Result "0-1"]
[ECO "B10"]
[WhiteElo "2335"]
[BlackElo "2344"]
[Annotator "NA"]
[PlyCount "102"]
[EventDate "2019.08.10"]
[EventType "swiss"]
[EventCountry "ESP"]
[SourceTitle "playchess.com"]
[Source "ChessBase"]
[SourceQuality "1"]
[TimeControl "5400+30"]

1. e4 c6 2. Nf3 g6 3. d4 Bg7 4. h3 d6 5. Bd3 Nf6 6. O-O O-O 7. Re1 Nfd7 8. c3 c5 9. Be3 Nc6 10. Bf1 b6 11. Nbd2 Bb7 12. a3 Qc8 13. b4 a6 14. Rc1 Ra7 15. Nb3 Ncb8 16. Nfd2 Ba8 17. Bg5 Re8 18. Bc4 b5 19. Bf1 Rc7 20. dxc5 dxc5 21. Bf4 e5 22. Be3 c4 23. Na5 Nf6 24. Qc2 Nc6 25. Nxc6 Bxc6 26. a4 Qb7 27. f3 Nh5 28. Ra1 Rd8 29. axb5 axb5 30. Ra7 Qb8 31. Rea1 Ng3 32. R1a6 Rxa7 33. Bxa7 Qb7 34. Ra2 Bh6 35. Nb1 Qxa7+ 36. Rxa7 Be3+ 37. Kh2 Nxf1+ 38. Kh1 Ng3+ 39. Kh2 Nf1+ 40. Kh1 Bxa7 41. g4 Ne3 42. Qa2 Rd1+ 43. Kh2 Nf1+ 44. Kg2 Be3 45. Qa6 Bd7 46. Qb7 Bf4 47. h4 Rxb1 48. Qxd7 Ne3+ 49. Kf2 Rb2+ 50. Kg1 Bh2+ 51. Kh1 Nf1 0-1

[Event "7th Iberoamerican-ch 2019"]
[Site "Linares"]
[Date "2019.08.11"]
[Round "2.28"]
[White "Fier, Alexandr"]
[Black "Garcia Morales, Ivette Ale"]
[Result "1-0"]
[ECO "A18"]
[WhiteElo "2547"]
[BlackElo "1998"]
[Annotator "ChessBase"]
[PlyCount "53"]
[EventDate "2019.08.10"]
[EventType "swiss"]
[EventCountry "ESP"]
[SourceTitle "playchess.com"]
[Source "ChessBase"]
[SourceQuality "1"]
[TimeControl "5400+30"]

1. c4 e6 2. Nc3 Nf6 3. e4 d5 4. cxd5 exd5 5. e5 Ng4 6. d4 c5 7. Nf3 Nc6 8. Bb5 cxd4 9. Qxd4 a6 10. Bxc6+ bxc6 11. h3 Nh6 12. Bxh6 gxh6 13. e6 f6 14. O-O Rg8 15. Rfe1 Qe7 16. Qa4 Qd6 17. Nd4 Be7 18. Nxc6 Bxe6 19. Nd4+ Bd7 20. Nf5 Bxa4 21. Nxd6+ Kd7 22. Nf5 Bb4 23. Nxa4 Bxe1 24. Nb6+ Kc6 25. Nxa8 Bb4 26. a3 Bc5 27. Rc1 1-0

[Event "7th Iberoamerican-ch 2019"]
[Site "Linares"]
[Date "2019.08.11"]
[Round "2.29"]
[White "Roselli Mailhe, Bernardo"]
[Black "Arroyo Rodriguez, Jesus"]
[Result "1-0"]
[ECO "A58"]
[WhiteElo "2471"]
[BlackElo "2121"]
[Annotator "ChessBase"]
[PlyCount "99"]
[EventDate "2019.08.10"]
[EventType "swiss"]
[EventCountry "ESP"]
[SourceTitle "playchess.com"]
[Source "ChessBase"]
[SourceQuality "1"]
[TimeControl "5400+30"]

1. d4 Nf6 2. c4 c5 3. d5 b5 4. cxb5 a6 5. bxa6 g6 6. Nc3 Bg7 7. a7 Rxa7 8. e4 O-O 9. Nf3 e6 10. Be2 exd5 11. exd5 Ra8 12. O-O d6 13. Bf4 Nh5 14. Bg5 Qb6 15. Qb3 Nd7 16. Nd2 Nhf6 17. Nc4 Qb4 18. Qc2 Qb8 19. Bf4 Ne5 20. Nxe5 dxe5 21. Be3 Bf5 22. Qd2 Rc8 23. f3 h5 24. b3 e4 25. Rac1 Qb4 26. Bc4 exf3 27. gxf3 Nd7 28. Na4 Bd4 29. Kg2 Qxd2+ 30. Bxd2 Ne5 31. Be2 c4 32. Bc3 Bxc3 33. Rxc3 Rd8 34. Rd1 Ra5 35. Bxc4 Nxc4 36. Rxc4 Raxd5 37. Rxd5 Rxd5 38. Nc3 Rd2+ 39. Kg3 Be6 40. Rc5 Kg7 41. h4 Rb2 42. Ra5 Bf5 43. Ra7 Rc2 44. Rc7 Rc1 45. b4 Rh1 46. Rc4 f6 47. b5 Rh3+ 48. Kg2 g5 49. hxg5 fxg5 50. Rc5 1-0

[Event "7th Iberoamerican-ch 2019"]
[Site "Linares"]
[Date "2019.08.11"]
[Round "2.30"]
[White "Fluvia Poyatos, Jordi"]
[Black "Carrasco Sagredo, Manuel"]
[Result "1-0"]
[ECO "C45"]
[WhiteElo "2455"]
[BlackElo "2106"]
[Annotator "ChessBase"]
[PlyCount "64"]
[EventDate "2019.08.10"]
[EventType "swiss"]
[EventCountry "ESP"]
[SourceTitle "playchess.com"]
[Source "ChessBase"]
[SourceQuality "1"]
[TimeControl "5400+30"]

1. e4 e5 2. Nf3 Nc6 3. d4 exd4 4. Nxd4 Nf6 5. Nxc6 bxc6 6. e5 Qe7 7. Qe2 Nd5 8. c4 Nb6 9. Nc3 Ba6 10. Qe4 Qe6 11. b3 Bb4 12. Bd2 d5 13. cxd5 Nxd5 14. Bxa6 Bxc3 15. Bxc3 Nxc3 16. Qd4 c5 17. Qxc3 Qxa6 18. Qxc5 Rd8 19. h4 h5 20. Rh3 Rh6 21. Rc1 c6 22. a4 Rg6 23. Re3 Rd3 24. g3 Re6 25. f4 Rg6 26. Rc3 Rd5 27. Qc4 Qxc4 28. Rxc4 a5 29. Ke2 c5 30. Kf3 Rc6 31. Rec3 Kd7 32. Ke4 Rd1 1-0

[Event "7th Iberoamerican-ch 2019"]
[Site "Linares"]
[Date "2019.08.11"]
[Round "2.31"]
[White "Guerrero Vargas, Andres Jesus"]
[Black "Luque Saiz, Andres"]
[Result "1/2-1/2"]
[ECO "D15"]
[WhiteElo "2331"]
[BlackElo "1988"]
[Annotator "NA"]
[PlyCount "70"]
[EventDate "2019.08.10"]
[EventType "swiss"]
[EventCountry "ESP"]
[SourceTitle "playchess.com"]
[Source "ChessBase"]
[SourceQuality "1"]
[TimeControl "5400+30"]

1. Nf3 Nf6 2. c4 c6 3. Nc3 d5 4. d4 dxc4 5. e4 b5 6. Be2 b4 7. Na4 Nxe4 8. Bxc4 Nd6 9. Bb3 e6 10. O-O Be7 11. Ne5 O-O 12. Nc5 Nf5 13. Nxf7 Qxd4 14. Nxe6 Qxd1 15. Rxd1 Bxe6 16. Bxe6 Rxf7 17. a3 bxa3 18. g4 Nd6 19. Rxa3 Kf8 20. Bxf7 Nxf7 21. Rc3 a5 22. Be3 a4 23. h3 Ra5 24. Rc4 Bf6 25. Bc5+ Be7 26. Bd4 Nd6 27. Rc3 Rd5 28. Rf3+ Ke8 29. Rfd3 g6 30. Bh8 Rxd3 31. Rxd3 Nd7 32. Re3 Kf7 33. Rf3+ Ke6 34. Re3+ Kf7 35. Kf1 Nc4 1/2-1/2

[Event "7th Iberoamerican-ch 2019"]
[Site "Linares"]
[Date "2019.08.11"]
[Round "2.32"]
[White "Ingunza Curro, Andres"]
[Black "Serarols Mabras, Bernat"]
[Result "1/2-1/2"]
[ECO "B12"]
[WhiteElo "2131"]
[BlackElo "2381"]
[Annotator "NA"]
[PlyCount "87"]
[EventDate "2019.08.10"]
[EventType "swiss"]
[EventCountry "ESP"]
[SourceTitle "playchess.com"]
[Source "ChessBase"]
[SourceQuality "1"]
[TimeControl "5400+30"]

1. e4 c6 2. d4 d5 3. e5 Bf5 4. h4 h5 5. Bd3 Bxd3 6. Qxd3 Qa5+ 7. Nd2 e6 8. Ngf3 Qa6 9. c4 Ne7 10. O-O Nf5 11. b3 Nd7 12. Qc2 Be7 13. g3 O-O 14. a4 b6 15. Bb2 Rac8 16. Rfc1 Qb7 17. cxd5 cxd5 18. Qd3 Nb8 19. Nf1 Nc6 20. Ne3 Nb4 21. Qd2 Nxe3 22. fxe3 Nc6 23. Qe2 f6 24. exf6 Bxf6 25. Kg2 Qf7 26. Ba3 Rfe8 27. Qd3 Qd7 28. Qg6 e5 29. dxe5 Nxe5 30. Nxe5 Rxe5 31. Bb2 Rf5 32. Bxf6 Rxf6 33. Qxh5 Rfc6 34. Rxc6 Qxc6 35. Rf1 d4+ 36. Kh2 Qe6 37. exd4 Rc2+ 38. Kg1 Rc3 39. Kh2 Rc2+ 40. Kg1 Rc3 41. Kh2 Qe4 42. Qf7+ Kh7 43. Qh5+ Kg8 44. Qf7+ 1/2-1/2

[Event "7th Iberoamerican-ch 2019"]
[Site "Linares"]
[Date "2019.08.11"]
[Round "2.33"]
[White "Martinez-Conde Hernandez, Carlos"]
[Black "Torres Sanchez, Jose"]
[Result "1-0"]
[ECO "B32"]
[WhiteElo "2085"]
[BlackElo "2267"]
[Annotator "NA"]
[PlyCount "93"]
[EventDate "2019.08.10"]
[EventType "swiss"]
[EventCountry "ESP"]
[SourceTitle "playchess.com"]
[Source "ChessBase"]
[SourceQuality "1"]
[TimeControl "5400+30"]

1. e4 c5 2. Nf3 Nc6 3. d4 cxd4 4. Nxd4 Qb6 5. Nb3 Nf6 6. Nc3 e6 7. Bd3 d6 8. O-O a6 9. a4 Be7 10. a5 Qc7 11. Be3 O-O 12. Na4 Nd7 13. c3 Rb8 14. Nb6 Re8 15. Nxd7 Bxd7 16. Bb6 Qc8 17. Be2 Ne5 18. Nd2 Bc6 19. f3 d5 20. Ba7 Ra8 21. Bd4 Qc7 22. f4 Nc4 23. Bxc4 dxc4 24. Qe2 Bb5 25. Qg4 Bf8 26. Rf3 Rad8 27. Rg3 f6 28. Kh1 Rxd4 29. cxd4 Bb4 30. Nxc4 Re7 31. Ne3 h5 32. Qh4 Bd2 33. e5 fxe5 34. fxe5 Rf7 35. Qxh5 Bc1 36. h3 Bxb2 37. Rd1 Ba4 38. Rg1 Bxd4 39. Ng4 Kf8 40. Qh8+ Ke7 41. Qh4+ Kf8 42. Qh8+ Ke7 43. Qh4+ Kf8 44. Rd3 Rf4 45. Qh8+ Kf7 46. Nh6+ Kg6 47. Rg3+ 1-0

[Event "7th Iberoamerican-ch 2019"]
[Site "Linares"]
[Date "2019.08.11"]
[Round "2.34"]
[White "Garcia, Jhoel"]
[Black "Paiva, Henrique M A Alberga"]
[Result "0-1"]
[ECO "A30"]
[WhiteElo "2290"]
[BlackElo "2122"]
[Annotator "NA"]
[PlyCount "104"]
[EventDate "2019.08.10"]
[EventType "swiss"]
[EventCountry "ESP"]
[SourceTitle "playchess.com"]
[Source "ChessBase"]
[SourceQuality "1"]
[TimeControl "5400+30"]

1. c4 c5 2. Nf3 Nf6 3. g3 e6 4. d4 d5 5. Bg2 Nc6 6. O-O cxd4 7. Nxd4 Be7 8. Nc3 O-O 9. cxd5 exd5 10. b3 Qa5 11. Bb2 Rd8 12. a3 Nxd4 13. Qxd4 Be6 14. e3 Rac8 15. Rfc1 Bc5 16. Qh4 Be7 17. b4 Qa6 18. Bf1 Qd6 19. Nb5 Qd7 20. Qf4 a6 21. Nd4 Bg4 22. f3 Be6 23. Bd3 Bd6 24. Qh4 h6 25. g4 Qe7 26. Re1 Bd7 27. Bf5 Rc4 28. Bd3 Rc7 29. g5 hxg5 30. Qxg5 Ne8 31. Qh5 Nf6 32. Qh4 Qe5 33. Kh1 Qh5 34. Qxh5 Nxh5 35. Rg1 Kf8 36. Rg5 Nf6 37. Rag1 g6 38. Nf5 Bxf5 39. Bxf6 Bxd3 40. Bxd8 Rc2 41. R5g2 Rc3 42. Bf6 Rxa3 43. h4 Ke8 44. Rg5 Bf5 45. Rxf5 gxf5 46. Bd4 f4 47. h5 fxe3 48. Re1 Bf4 49. Re2 Rd3 50. Bc5 d4 51. Kg2 Rd2 52. Kf1 d3 0-1

[Event "7th Iberoamerican-ch 2019"]
[Site "Linares"]
[Date "2019.08.11"]
[Round "2.35"]
[White "Moral Garcia, Serafin"]
[Black "Gil Quilez, Sonia"]
[Result "1-0"]
[ECO "B14"]
[WhiteElo "2283"]
[BlackElo "2077"]
[Annotator "NA"]
[PlyCount "89"]
[EventDate "2019.08.10"]
[EventType "swiss"]
[EventCountry "ESP"]
[SourceTitle "playchess.com"]
[Source "ChessBase"]
[SourceQuality "1"]
[TimeControl "5400+30"]

1. e4 c6 2. d4 d5 3. exd5 cxd5 4. c4 e6 5. Nc3 Nf6 6. Nf3 Be7 7. cxd5 Nxd5 8. Bd3 O-O 9. O-O Nc6 10. Re1 a6 11. a3 b5 12. Nxd5 Qxd5 13. Be4 Qd6 14. Qc2 Bb7 15. Bxh7+ Kh8 16. Be4 Bf6 17. Be3 Rac8 18. Qe2 g6 19. Bh6 Rfd8 20. Rad1 Na5 21. Bxb7 Nxb7 22. Ne5 Qe7 23. d5 Kh7 24. Nc6 Rxc6 25. dxc6 Kxh6 26. cxb7 Qxb7 27. Rxd8 Bxd8 28. Qe5 Kh7 29. Re3 g5 30. Qe4+ Qxe4 31. Rxe4 Kg6 32. Kf1 Bf6 33. b3 Kf5 34. f3 Be5 35. h3 Bd6 36. a4 e5 37. g4+ Ke6 38. Ke2 Kd5 39. Kd3 Bc5 40. Re2 bxa4 41. bxa4 a5 42. Rc2 f6 43. Rc4 Ba3 44. Rc8 Bb4 45. Rb8 1-0